 Dungeon Crawl Stone Soup version 0.18.1-5-g4a78601 (webtiles) character file.

35 oplop the Insei (level 3, 0/23 HPs)
             Began as an Octopode Transmuter on May 9, 2016.
             Slain by a ball python (1 damage)
             ... on level 2 of the Dungeon.
             The game lasted 00:02:16 (1143 turns).

oplop the Insei (Octopode Transmuter)               Turns: 1143, Time: 00:02:17

Health: 0/23       AC:  1    Str:  9    XL:     3   Next: 33%
Magic:  4/6        EV: 12    Int: 16    God:
Gold:   85         SH:  0    Dex: 12    Spells: 3 memorised, 0 levels left

rFire  . . .     SeeInvis .       - Unarmed
rCold  . . .     Gourm    .     (no shield)
rNeg   . . .     Faith    .     (helmet restricted)
rPois  .         Spirit   .     (no amulet)
rElec  .         Dismiss  .     (no ring)
rCorr  .         Reflect  .     (no ring)
SustAt .         Harm     .     (no ring)
MR     .....                    (no ring)
Stlth  ++........               (no ring)
                                (no ring)
                                (no ring)
                                (no ring)

@: lethally poisoned (0 -> -29), drained, not resistant to hostile enchantments,
unstealthy
A: almost no armour, amphibious, 8 rings, constrict 8, camouflage 1, gelatinous
body 1
a: no special abilities


You were on level 2 of the Dungeon.
You were not hungry.

You visited 1 branch of the dungeon, and saw 2 of its levels.

You collected 85 gold pieces.

Inventory:

Missiles
 a - 12 arrows
Scrolls
 d - a scroll of identify {unknown}
 e - a scroll of immolation {unknown}
 f - a scroll of noise {unknown}
 h - a scroll of fear {unknown}
Books
 b - a book of Changes

   Spells                             Type                      Level
   a - Beastly Appendage              Transmutation                1
   b - Sticks to Snakes               Transmutation                2
   c - Spider Form                    Transmutation/Poison         3
   d - Ice Form                       Ice/Transmutation            4
   e - Blade Hands                    Transmutation                5
Comestibles
 c - 2 bread rations
 i - a beef jerky
 j - a chunk of flesh


   Skills:
 + Level 1.6(1.4) Fighting
 + Level 2.2(2.0) Dodging
 + Level 3.1(3.0) Unarmed Combat
 + Level 2.3(2.1) Spellcasting
 * Level 2.6(2.5) Transmutations


You couldn't memorise any spells.
You knew the following spells:

 Your Spells              Type           Power        Failure   Level  Hunger
a - Beastly Appendage     Trmt           #.....       10%         1    #......
b - Sticks to Snakes      Trmt           #.......     12%         2    ###....
c - Spider Form           Trmt/Pois      #.........   38%         3    ###....


Dungeon Overview and Level Annotations

Branches:
Dungeon (2/15)

Altars:


Innate Abilities, Weirdness & Mutations

You cannot wear most types of armour.
You are amphibious.
You can wear up to eight rings at the same time.
You can use your tentacles to constrict eight enemies at once.
Your skin changes colour to match your surroundings (Stealth).
Your rubbery body absorbs attacks (AC +1).


Message History

The adder poisons you!
You miss the adder.
The adder is heavily wounded.
Your transformation has ended.
You feel sick. The adder bites you.
You are more poisoned.
The adder poisons you!
You miss the adder. You grab the adder.
The adder is heavily wounded.
You constrict the adder.
* * * LOW HITPOINT WARNING * * *
You feel sick. The adder bites you.
* * * LOW HITPOINT WARNING * * *
The ball python closely misses you. x2
Drink which item? (? for menu, Esc to quit)
It was a potion of cure mutation.
It has a very clean taste.
You constrict the adder.
* * * LOW HITPOINT WARNING * * *
You feel sick. The adder closely misses you. The ball python bites you.
You die...

#.# #...#..†...#### .#
#.# #...#.......... #.#
####.##........## #.#
#.....#........# #.#
#............#.####
#.#######..#.##........#
#.............$........#
#########...?..........#
#...###.@S.....# #...#
#.S......# #.#.#
#........# #....
.........#
###?###........# #.#
#........# #........#
#.$......#


You could see an adder and a ball python.

Vanquished Creatures
  A gnoll (D:2)
  An ooze (D:1)
  A worm (D:2)
  3 hobgoblins (D:1)
  A bat (D:2)
  2 giant newts (D:1)
  4 goblins
  3 kobolds
  3 rats
19 creatures vanquished.

Notes
Turn   | Place    | Note
--------------------------------------------------------------
     0 | D:1      | oplop the Octopode Transmuter began the quest for the Orb.
     0 | D:1      | Reached XP level 1. HP: 13/13 MP: 3/3
   178 | D:1      | Reached XP level 2. HP: 18/18 MP: 1/5
   806 | D:2      | Reached XP level 3. HP: 9/23 MP: 4/6
   999 | D:2      | Learned a level 2 spell: Sticks to Snakes
  1003 | D:2      | Learned a level 3 spell: Spider Form
  1143 | D:2      | HP: 1/23 [poisoned by an adder]
  1143 | D:2      | Slain by a ball python

Action                   || total
-------------------------++-------
Melee: Unarmed           ||    52
       Constrict         ||    11
       Tentacles         ||     5
       Kick              ||     6
 Cast: Beastly Appendage ||     8
       Spider Form       ||     2
  Use: Potion            ||     1
 Stab: Sleeping          ||     6
  Eat: Chunk             ||     1
Armor: Skin              ||     4
Dodge: Dodged            ||    30
